 Dungeon Crawl Stone Soup version 0.29.1-2-gbd0b4ee654 (webtiles) character file.

Game seed: 6584740762655988001

51 Omegus91 the Insei (level 3, -1/29 HPs)
             Began as a Draconian Transmuter on Nov 7, 2022.
             Slain by Terence
             ... wielding a +0 flail
              (8 damage)
             ... on level 1 of the Dungeon.
             The game lasted 00:04:33 (1441 turns).

Omegus91 the Insei (Draconian Transmuter)           Turns: 1441, Time: 00:04:33

Health: -1/29      AC:  5    Str: 12    XL:     3   Next: 57%
Magic:  5/6        EV: 12    Int: 13    God:
Gold:   22         SH:  0    Dex: 13    Spells: 5/6 levels left

rFire   . . .      SeeInvis .     - Unarmed
rCold   . . .      Faith    .   (no shield)
rNeg    . . .      Spirit   .   (body armour unavailable)
rPois   .          Reflect  .   (helmet currently unavailable)
rElec   .          Harm     .   (no cloak)
rCorr   .          Rampage  .   (no gloves)
Will    .....                   (boots currently unavailable)
Stlth   +.........              (no amulet)
HPRegen 0.09/turn               (no ring)
MPRegen 0.10/turn               (no ring)

@: appendages (expiring)
A: horns 2, talons 2, AC +5, unfitting armour, cold-blooded
a: End Transformation


You were on level 1 of the Dungeon.
You had temporarily grown beastly horns and talons.
You visited 1 branch of the dungeon, and saw 2 of its levels.

You collected 22 gold pieces.

Inventory:

Missiles
 b - 22 stones
Armour
 h - a +0 pair of boots (melded)
Scrolls
 c - a scroll of silence {unknown}
 e - 2 scrolls of identify {unknown}
 g - a scroll of amnesia {unknown}
Potions
 a - a potion of lignification
 d - 2 potions of haste {unknown}
 f - a potion of attraction {unknown}


   Skills:
 + Level 2.0 Fighting
 - Level 1.7 Dodging
 * Level 3.9 Unarmed Combat
 - Level 2.0 Spellcasting
 + Level 2.6 Transmutations


You had 5 spell levels left.
You knew the following spells:

 Your Spells              Type           Power      Damage    Failure   Level
a - Beastly Appendage     Tmut           16%        N/A       9%          1

Your spell library contained the following spells:

 Spells                   Type           Power      Damage    Failure   Level
 Wereblood                Tmut           8%         N/A       13%         2
 Spider Form              Tmut/Pois      4%         N/A       41%         3
 Ice Form                 Ice/Tmut       4%         N/A       83%         4


Dungeon Overview and Level Annotations

Branches:
Dungeon (2/15)

Altars:

Annotations:
D:1 Terence


Innate Abilities, Weirdness & Mutations

You have temporarily grown beastly horns and talons.
Your plain brown scales are hard. (AC +5)
You cannot fit into any form of body armour.
You are cold-blooded and may be slowed by cold attacks.


Message History

d - 2 amethyst potions (gained 1)
You now have 22 gold pieces (gained 6).
You open the door.
There is an open door here.
Done exploring.
Done exploring.
There is a stone staircase leading down here.
You climb downwards.
Found 6 gold pieces and 2 black potions.
Found an escape hatch in the floor.
There is a stone staircase leading up here.
Terence the Incautious comes into view.
He is wielding a +0 flail.
Found a scroll labelled DITZULECAY.
You hit the rat.
You kill the rat!
Terence bares his teeth.
There is a stone staircase leading up here.
Okay, then.
Terence hits you with a +0 flail.
You climb upwards.
There is a stone staircase leading down here.
Sorry, you're not good enough to have a special ability.
Casting: Beastly Appendage (safe; 9% risk of failure)
Confirm with . or Enter, or press ? or * to list all spells.
You grow a pair of large bovine horns.
Your feet morph into talons.
Your +0 pair of boots melds into your body.
Terence hits you with a +0 flail.
You hit Terence but do no damage. You headbutt Terence. You tail-slap Terence.
Terence is moderately wounded.
Your transformation is almost over.
Terence barely misses you.
You hit Terence but do no damage. You claw Terence.
Your headbutt misses Terence.
You tail-slap Terence, but do no damage.
Terence is heavily wounded.
Terence hits you with a +0 flail!
* * * LOW HITPOINT WARNING * * *
You are too injured to fight recklessly!
Terence attacks as you move away! Terence hits you with a +0 flail!
You die...

#.....# ###..#.8.#..###.# #.....#
#.........# #.# #...#.#
#####+#+######.# #..##.#
#.'.'.#.+†'.##.# #..##.###
##.###.#.###.##.# ........#
##....#.#.# #.##.# ##..#.#.#
##.......#.# #..#.###
#......###......@...###......###
#........'.....@............#...
##......###.........####....###.#
........# ##.......## ##..## ##.
######.## ##.....## ##..###.# #.#
##...## #.#.#.## #.# ##+##
#.#..### #.# #.# #....# # #.# #.#
###.## # #)########.## #.# #


You could see Terence.

Vanquished Creatures
  A gnoll (D:1)
  A dart slug (D:1)
  4 bats (D:1)
  An endoplasm (D:1)
  5 goblins (D:1)
  4 hobgoblins (D:1)
  4 jackals (D:1)
  A quokka (D:1)
  A ball python (D:1)
  4 frilled lizards (D:1)
  6 kobolds (D:1)
  3 rats
35 creatures vanquished.

Notes
Turn   | Place    | Note
-------+----------+-------------------------------------------
     0 | D:1      | Omegus91 the Draconian Transmuter began the quest for the
                  | Orb.
     0 | D:1      | Reached XP level 1. HP: 16/16 MP: 3/3
   121 | D:1      | Reached XP level 2. HP: 23/23 MP: 5/5
   192 | D:1      | Found a faded altar of an unknown god.
   715 | D:1      | Reached XP level 3. HP: 26/29 MP: 6/6
  1426 | D:2      | Noticed Terence
  1441 | D:1      | Slain by Terence

Illustrated notes

Levels and vault maps discovered:
D:1:      shiori_arrival_oz, layout_loops_corners, basic_ecumenical_altar,
          dreamdust_princess_corridor
D:2:      layout_rooms, uniq_terence

Skill      XL: |  1  2  3 |
---------------+----------+-----
Fighting       | 2 |  2.0
Dodging        | |  1.7
Unarmed Combat | |  3.9
Spellcasting   | |  2.0
Transmutations | |  2.6

Action                   || total
-------------------------++-------
Melee: Unarmed           ||    51
       Punch             ||     5
       Dagger            ||    59
       Tailslap          ||    19
       Kick              ||     6
       Headbutt          ||     2
 Cast: Beastly Appendage ||     5
 Stab: Sleeping          ||     1
Armor: Skin              ||    46
Dodge: Dodged            ||    95
